AoeStats
← MataCochinos

Arabia

503486559Analyzed
1v1 RM · 1mo ago on Aug 31, 2026· 59m 29s· 2 players
Game mode
Random Map
Map size
Tiny (2 player)
Population
200
Speed
Normal
Resources
Standard
Victory
Conquest
Starting age
Dark Age
Ending age
Imperial Age
RankedLock teamsTeams togetherTeam positionsShared explorationLock speedFull tech treeHidden civsTurbo modeCheats
Victory
Defeat
🇦🇷 Wei · Argentina
1926
+10
🇲🇽 Japanese · Mexico
1780
-10
iRaptor99
6:38 Loom
6:41 Loom
9:15 Feudal Age
9:54 Double-Bit Axe
10:11 Horse Collar
13:06 Town Watch
17:40 Wheelbarrow
17:55 Gold Mining
20:24 Castle Age
18:50 Fletching
19:40 Padded Archer Armor
20:28 Elite Skirmisher
21:04 Bodkin Arrow
22:25 Bow Saw
23:13 Heavy Plow
26:08 Leather Archer Armor
27:38 Hand Cart
27:39 Bloodlines
31:36 Ballistics
36:04 Imperial Age
36:52 Bracer
38:26 Chemistry
38:23 Scale Barding Armor
39:12 Heavy Hei Guang Cavalry
41:06 Ring Archer Armor
41:06 Thumb Ring
41:19 Husbandry
42:38 Chain Barding Armor
42:44 Stone Mining
43:29 Gold Shaft Mining
43:11 Forging
46:23 Iron Casting
47:56 Ming Guang Armor
48:00 Light Cavalry
50:22 Blast Furnace
49:43 Hussar
54:08 Crop Rotation
58:43 Parthian Tactics
MataCochinos
6:39 Loom
9:13 Feudal Age
9:55 Double-Bit Axe
10:25 Man-at-Arms
14:28 Fletching
18:45 Wheelbarrow
22:32 Castle Age
22:34 Horse Collar
22:45 Gold Mining
23:01 Scale Barding Armor
23:10 Bloodlines
24:19 Husbandry
25:41 Bodkin Arrow
27:40 Town Watch
29:58 Padded Archer Armor
30:35 Bow Saw
31:54 Leather Archer Armor
32:13 Ballistics
39:06 Imperial Age
38:34 Thumb Ring
39:56 Bracer
43:12 Chemistry
42:45 Hand Cart
49:30 Conscription
50:05 Scale Mail Armor
50:16 Forging
50:36 Ring Archer Armor
52:16 Two-Man Saw
51:09 Pikeman
51:38 Gambesons
51:53 Squires
51:38 Arson
52:27 Halberdier
54:04 Chain Mail Armor
54:24 Iron Casting
55:32 Plate Mail Armor
55:40 Iron Casting
56:56 Elite Skirmisher
58:38 Iron Casting
58:37 Plate Mail Armor
58:57 Iron Casting
Connection lost

Rejoining the realm…

Still unreachable

The connection could not be restored.

Session expired

The server has moved on; the page needs a fresh start.